AoeStats
← 李贰叁

Black Forest

509872060Analyzed
4v4 RM · 5d ago on Sep 28, 2026· 30m 37s· 8 players
Game mode
Random Map
Map size
Large (8 player)
Population
200
Speed
Normal
Resources
Standard
Victory
Conquest
Starting age
Dark Age
Ending age
Imperial Age
RankedLock teamsTeams togetherTeam positionsShared explorationLock speedFull tech treeHidden civsTurbo modeCheats
Victory
Defeat
🇨🇳 Poles · China
940
+28
🇨🇳 Varangians · China
878
+31
730
+16
🇨🇳 Huns · China
673
+17
🇳🇱 Japanese · Netherlands
757
-14
🇨🇳 Persians · China
744
-13
🇯🇵 Bohemians · Japan
727
-12
🇨🇳 Turks · China
710
-12
战鹰
0:40 Loom
13:27 Feudal Age
13:58 Double-Bit Axe
13:57 Horse Collar
16:47 Gold Mining
23:03 Castle Age
21:42 Stone Mining
23:20 Fishing Lines
24:16 Bow Saw
RuinMireia
5:17 Loom
13:09 Feudal Age
14:43 Double-Bit Axe
14:41 Horse Collar
17:44 Castle Age
19:30 Bow Saw
19:24 Heavy Plow
24:16 Wheelbarrow
CEO of swag
0:35 Loom
14:36 Feudal Age
15:07 Double-Bit Axe
19:45 Wheelbarrow
19:37 Horse Collar
19:41 Fishing Lines
22:51 Castle Age
21:08 Fletching
22:01 Gold Mining
22:06 Stone Mining
23:48 Bow Saw
23:32 Gillnets
26:14 Forging
26:04 Scale Mail Armor
27:28 Hand Cart
27:18 Pikeman
27:58 Squires
27:44 Arson
28:07 Squires
YellowyGnu8986
0:31 Loom
11:25 Feudal Age
15:37 Castle Age
13:35 Horse Collar
15:34 Wheelbarrow
15:52 Double-Bit Axe
16:08 Gold Mining
17:28 Heavy Plow
18:24 Bow Saw
23:42 Stone Mining
26:04 Gold Shaft Mining
27:16 Hand Cart
空无一物
14:20 Feudal Age
16:15 Horse Collar
16:23 Double-Bit Axe
19:30 Gold Mining
21:57 Castle Age
21:27 Forging
21:21 Scale Mail Armor
23:47 Stone Mining
24:17 Heavy Plow
24:31 Bow Saw
33:21 Imperial Age
31:41 Stone Shaft Mining
李贰叁
12:39 Feudal Age
13:30 Double-Bit Axe
13:38 Horse Collar
15:24 Wheelbarrow
17:13 Bloodlines
17:45 Scale Barding Armor
18:08 Gold Mining
18:10 Stone Mining
19:00 Scale Mail Armor
19:14 Forging
20:51 Fletching
25:43 Castle Age
24:25 Arson
25:17 Scale Mail Armor
26:36 Squires
26:54 Hand Cart
26:52 Bow Saw
26:44 Heavy Plow
27:21 Stone Shaft Mining
26:24 Light Cavalry
27:45 Husbandry
29:27 Iron Casting
30:58 Chain Barding Armor
31:03 Chain Mail Armor
出木杉英才
13:24 Feudal Age
13:50 Double-Bit Axe
15:39 Bloodlines
20:41 Castle Age
19:32 Forging
22:40 Gold Mining
25:02 Wheelbarrow
24:34 Husbandry
强国有我请党放心
0:32 Loom
17:04 Feudal Age
17:45 Double-Bit Axe
18:46 Wheelbarrow
21:12 Castle Age
22:13 Hand Cart
22:24 Bow Saw
23:23 Crossbowman
24:32 Fletching
24:43 Padded Archer Armor
26:44 Fishing Lines
Connection lost

Rejoining the realm…

Still unreachable

The connection could not be restored.

Session expired

The server has moved on; the page needs a fresh start.